 Dungeon Crawl Stone Soup version 0.18.1-5-g4a78601 (webtiles) character file.

4650 PossumBlood the Severer (level 10, -18/84 HPs)
             Began as a Minotaur Fighter on May 10, 2016.
             Was a Priest of Okawaru.
             Demolished by an orc knight
             ... wielding a +0 halberd
              (23 damage)
             ... in a bailey.
             The game lasted 00:26:10 (8594 turns).

PossumBlood the Severer (Minotaur Fighter)          Turns: 8594, Time: 00:26:11

Health: -18/84     AC: 12    Str: 29    XL:     10   Next: 20%
Magic:  17/18      EV:  5    Int:  8    God:    Okawaru [***...]
Gold:   374        SH: 10    Dex: 10    Spells: 0 memorised, 9 levels left

rFire  . . .     SeeInvis .     k - +3 hand axe (freeze)
rCold  . . .     Gourm    .     m - +1 plate armour
rNeg   . . .     Faith    .     c - +0 shield
rPois  .         Spirit   .     L - +0 hat {Int+3}
rElec  .         Dismiss  .     (no cloak)
rCorr  +         Reflect  .     (no gloves)
SustAt .         Harm     .     (no boots)
MR     .....                    (no amulet)
Stlth  ..........               o - ring of magical power
                                E - ring of resist corrosion

@: mighty, not resistant to hostile enchantments, extremely unstealthy
A: retaliatory headbutt, horns 2
a: Heroism, Renounce Religion


You were in a bailey.
You worshipped Okawaru.
Okawaru was most pleased with you.
You were not hungry.

You visited 2 branches of the dungeon, and saw 9 of its levels.
You also visited: Ossuary and Bailey.

You collected 374 gold pieces.

Inventory:

Hand Weapons
 a - a +0 war axe
 k - a +3 hand axe of freezing (weapon)
Armour
 c - a +0 shield (worn)
 m - a +1 plate armour (worn)
 L - a +0 hat of intelligence (worn)
Jewellery
 o - a ring of magical power (right hand)
 u - an uncursed amulet of dismissal
 E - a ring of resist corrosion (left hand)
Scrolls
 e - 5 scrolls of teleportation
 j - 5 scrolls of remove curse
 n - a scroll of magic mapping
 s - 3 scrolls of amnesia
 t - a scroll of fear
 w - 2 scrolls of blinking
 y - 2 scrolls of fog
 I - a scroll of recharging
Potions
 h - 6 potions of flight
 i - 3 potions of brilliance
 l - 2 potions of resistance
 p - a potion of cure mutation
 q - 2 potions of ambrosia
 r - 3 potions of agility
 v - a potion of experience {unknown}
 z - a potion of mutation {unknown}
 A - a potion of invisibility {unknown}
 B - a potion of degeneration {unknown}
 D - a potion of cancellation {unknown}
 F - a potion of lignification {unknown}
 H - a potion of magic {unknown}
Books
 x - a book of Dreams

   Spells                             Type                      Level
   a - Ensorcelled Hibernation        Hexes/Ice                    2
   b - Silence                        Hexes/Air                    5
   c - Darkness                       Hexes                        6
   d - Shadow Creatures               Summoning                    6
Comestibles
 f - 3 bread rations
 g - a meat ration


   Skills:
 * Level 6.4 Fighting
 - Level 16.0 Axes
 - Level 3.6 Armour
 - Level 3.6 Shields


You had 9 spell levels left.
You didn't know any spells.

Dungeon Overview and Level Annotations

Branches:
Dungeon (8/15)             Temple (1/1) D:5
   Lair: D:8-11

Altars:
Ashenzari
Cheibriados
Dithmenos
Elyvilon
Fedhas
Gozag
Kikubaaqudgha
Makhleb
Nemelex Xobeh
Okawaru
Pakellas
Qazlal
Ru
Sif Muna
Trog
Vehumet
Xom
Yredelemnul
Zin
The Shining One


Innate Abilities, Weirdness & Mutations

You reflexively headbutt those who attack you in melee.
You have a pair of horns on your head.


Message History

You hear a shout!
You barely miss the orc knight.
The orc knight is heavily wounded.
You completely miss the orc knight.
The orc knight is heavily wounded.
The orc knight hits you with a halberd.
* * * LOW HITPOINT WARNING * * *
Drink which item? (? for menu, Esc to quit)
You feel better. The orc knight hits you with a halberd!
* * * LOW HITPOINT WARNING * * *
Drink which item? (? for menu, Esc to quit)
You feel very mighty all of a sudden.
You feel like a meek peon again. The orc knight hits you with a halberd!
* * * LOW HITPOINT WARNING * * *
Your plate armour prevents you from hitting the orc knight.
The orc knight is heavily wounded.
You miss the orc knight.
The orc knight is heavily wounded.
The orc knight hits you with a halberd!!
You die...

.## ≈(.(..≈≈..##.##..≈≈.# ..#
..o⌠§..≈§..#'#..≈≈.## ..#
§.⌠⌠⌠(.≈§o.#'#..≈≈.∩# .##
≈...oo§≈§.## ##..≈≈.# ##
§≈≈≈§≈≈..# ##..≈.# # .......o#
##.≈.#
############'###'#########.≈.#
.)......##.....##o..)...)..≈.#
≈≈≈≈≈≈≈..##.∩.##@.≈≈≈≈≈≈≈≈≈≈.#
......≈≈..## ##).≈≈..........#
#####..≈≈..###..≈≈..##########
##..≈≈)....≈≈..##
##..≈≈≈≈≈≈≈..## ##.........##
###########


You could see an orc knight.

Vanquished Creatures
  The ghost of Arkorax the Skirmisher, a novice NaFi of the Shining One (D:5)
  A slime creature (D:6)
  The ghost of shizyaka the Archer, an amateur CeHu of Okawaru (D:3)
  2 hippogriffs (D:7)
  A water moccasin (D:7)
  Duvessa (D:5)
  2 orc warriors (Bailey)
  An ice beast (D:5)
  A phantom (D:4)
  2 black bears
  A necrophage (D:7)
  A sky beast (D:6)
  2 ogres (D:5)
  A gnoll sergeant (D:5)
  Dowan (D:5)
  4 water moccasin zombies (Ossuary)
  2 scorpions (D:5)
  A water moccasin skeleton (D:7)
  3 killer bees (D:7)
  3 wights (D:6)
  7 crimson imps
  A giant frog zombie (D:7)
  6 hounds
  5 jellies (D:6)
  A gnoll shaman (D:5)
  9 orc priests
  3 giant frog skeletons
  2 iguanas
  Ijyb (D:3)
  Terence (D:3)
  4 orc wizards
  4 worker ants
  5 big kobold zombies (Ossuary)
  A hound skeleton (D:4)
  3 mummies
  13 gnolls
  11 adders
  A shadow imp (D:7)
  13 oozes (D:6)
  10 adder zombies
  2 worms
  10 dart slugs (D:4)
  4 giant geckos (D:1)
  35 orcs
  8 bats
  2 giant cockroaches
  2 gnoll zombies (Ossuary)
  7 goblins
  9 hobgoblins
  6 jackals
  9 kobolds
  5 quokkas
  A giant gecko skeleton (D:4)
  2 giant newts
  5 hobgoblin zombies (Ossuary)
  A jackal zombie (D:5)
  7 kobold zombies (Ossuary)
  4 orc zombies (Ossuary)
  10 rats
262 creatures vanquished.

Vanquished Creatures (others)
  An adder skeleton (D:4)
  5 fungi (D:6)
6 creatures vanquished.

Grand Total: 268 creatures vanquished

Notes
Turn   | Place    | Note
--------------------------------------------------------------
     0 | D:1      | PossumBlood the Minotaur Fighter began the quest for the Orb.
     0 | D:1      | Reached XP level 1. HP: 19/19 MP: 0/0
    53 | D:1      | Reached skill level 3 in Axes
   240 | D:1      | Reached XP level 2. HP: 20/26 MP: 1/1
   532 | D:1      | Reached skill level 4 in Axes
   669 | D:1      | Reached XP level 3. HP: 23/31 MP: 2/2
  1074 | D:2      | Reached skill level 5 in Axes
  1119 | D:2      | Reached XP level 4. HP: 34/39 MP: 3/3
  1564 | D:3      | Noticed Ijyb
  1565 | D:3      | Noticed shizyaka's ghost (amateur CeHu)
  1566 | D:3      | Noticed Terence
  1575 | D:3      | Killed Ijyb
  1575 | D:3      | Reached skill level 6 in Axes
  1575 | D:3      | Killed Terence
  1575 | D:3      | Reached XP level 5. HP: 32/45 MP: 4/4
  1576 | D:3      | Killed shizyaka's ghost
  1576 | D:3      | Reached skill level 7 in Axes
  1576 | D:3      | Reached XP level 6. HP: 36/51 MP: 5/5
  1803 | D:3      | Found a basalt altar of Yredelemnul.
  2317 | D:4      | Reached skill level 8 in Axes
  2342 | D:4      | Found a sand-covered staircase.
  2351 | Ossuary  | Entered an ossuary
  2449 | Ossuary  | Reached skill level 9 in Axes
  2493 | Ossuary  | Reached XP level 7. HP: 54/57 MP: 6/6
  2540 | Ossuary  | Reached skill level 10 in Axes
  2815 | D:4      | Reached skill level 11 in Axes
  2820 | D:4      | Reached XP level 8. HP: 64/64 MP: 7/7
  3310 | D:5      | Entered Level 5 of the Dungeon
  3349 | D:5      | Found a staircase to the Ecumenical Temple.
  3355 | Temple   | Entered the Ecumenical Temple
  3504 | Temple   | Became a worshipper of Warmaster Okawaru
  3611 | D:5      | Noticed Arkorax's ghost (novice NaFi)
  3633 | D:5      | Killed Arkorax's ghost
  3633 | D:5      | Reached skill level 12 in Axes
  3895 | D:5      | Found a shattered altar of Ashenzari.
  3930 | D:5      | Reached skill level 13 in Axes
  3950 | D:5      | Reached * piety under Okawaru
  4137 | D:5      | Noticed Dowan
  4139 | D:5      | Noticed Duvessa
  4147 | D:5      | Killed Duvessa
  4159 | D:5      | Killed Dowan
  4320 | D:5      | Found a shimmering altar of Xom.
  4347 | D:5      | Reached XP level 9. HP: 55/70 MP: 8/8
  4363 | D:5      | Found a sacrificial altar of Ru.
  4595 | D:5      | Reached skill level 14 in Axes
  4729 | D:5      | Found a burning altar of Makhleb.
  4842 | D:5      | Reached ** piety under Okawaru
  5354 | D:6      | Found a glowing silver altar of Zin.
  5355 | D:6      | Found an opulent altar of Gozag.
  5578 | D:6      | Reached skill level 15 in Axes
  5589 | D:6      | HP: 2/70 [ooze (5)]
  6732 | D:7      | Reached skill level 16 in Axes
  6750 | D:7      | Reached *** piety under Okawaru
  7055 | D:7      | Reached XP level 10. HP: 48/78 MP: 9/9
  7375 | D:7      | Reached skill level 5 in Fighting
  7697 | D:8      | Found a flagged portal.
  7703 | Bailey   | Entered a bailey
  8382 | Bailey   | Noticed an orc knight
  8566 | Bailey   | Noticed an orc knight
  8594 | Bailey   | Demolished by an orc knight

Skill      XL: |  1  2  3  4  5  6  7  8  9 10 |
---------------+-------------------------------+-----
Axes           | 3 4 5 6 7 9 11 13 16 | 16.0
Fighting       | 4 6 |  6.4
Armour         | |  3.6
Shields        | |  3.6

Action                   |  1- 3 |  4- 6 |  7- 9 | 10-12 || total
-------------------------+-------+-------+-------+-------++-------
Melee: War axe           |   110 |   171 |   320 |       ||   601
       Headbutt          |     9 |    28 |   101 |    26 ||   164
       Hand axe          |       |       |   133 |   104 ||   237
Throw: Tomahawk          |       |       |       |    10 ||    10
Invok: Heroism           |       |       |     1 |     1 ||     2
  Use: Scroll            |       |    12 |    11 |       ||    23
       Potion            |       |     1 |     9 |     2 ||    12
  Eat: Bread ration      |     1 |     1 |     1 |     1 ||     4
       Meat ration       |       |       |     1 |       ||     1
       Royal jelly       |       |       |     1 |       ||     1
       Beef jerky        |       |       |     1 |       ||     1
Armor: Scale mail        |    17 |       |       |       ||    17
       Plate armour      |    46 |    81 |   205 |    52 ||   384
Dodge: Dodged            |    28 |    26 |    59 |    20 ||   133
Block: Shield            |    48 |    83 |   170 |    68 ||   369
